 Dungeon Crawl Stone Soup version 0.23-a0-458-g93a6ea9 (webtiles) character file.

160 rgaf the Sneak (level 5, -6/43 HPs)
             Began as a Gnoll Wanderer on Nov 26, 2018.
             Shot with an arrow by a centaur (9 damage)
             ... on level 4 of the Dungeon.
             The game lasted 00:02:14 (3866 turns).

rgaf the Sneak (Gnoll Wanderer)                     Turns: 3866, Time: 00:02:15

Health: -6/43      AC:  2    Str: 14    XL:     5   Next: 41%
Magic:  7/7        EV: 12    Int: 14    God:
Gold:   119        SH:  0    Dex: 16    Spells: 6/6 levels left

rFire    . . .     SeeInvis .   q - +0 trident
rCold    . . .     Gourm    .   (no shield)
rNeg     . . .     Faith    .   d - +0 robe
rPois    .         Spirit   .   (no helmet)
rElec    .         Reflect  .   (no cloak)
rCorr    .         Harm     .   (no gloves)
MR       .....                  (no boots)
Stlth    +++.......             (no amulet)
HPRegen  0.14/turn              (no ring)
MPRegen  0.10/turn              (no ring)

@: no status effects
A: distributed training, fangs 1, strong nose
a: no special abilities


You were on level 4 of the Dungeon.
You were not hungry.

You visited 2 branches of the dungeon, and saw 5 of its levels.

You collected 119 gold pieces.

Inventory:

Hand Weapons
 a - a +2 spear
 e - a +0 dagger
 q - a +0 trident (weapon)
Armour
 d - a +0 robe (worn)
 s - a +0 chain mail
Wands
 c - a wand of random effects (15)
Scrolls
 b - 5 scrolls of teleportation
 g - a scroll of immolation {unknown}
 i - a scroll of fog {unknown}
 k - 2 scrolls of identify {unknown}
 l - a scroll of amnesia {unknown}
 n - 3 scrolls of remove curse {unknown}
 p - a scroll of random uselessness {unknown}
 t - a scroll of blinking {unknown}
Potions
 h - 3 potions of curing
 j - a potion of flight {unknown}
 m - a potion of lignification {unknown}
 o - a potion of brilliance {unknown}
Comestibles
 f - 7 rations


   Skills:
 + Level 4.8 Fighting
 + Level 1.4 Short Blades
 + Level 1.4 Long Blades
 + Level 1.4 Axes
 + Level 1.4 Maces & Flails
 + Level 4.8 Polearms
 + Level 1.4 Staves
 + Level 1.4 Slings
 + Level 1.4 Bows
 + Level 1.4 Crossbows
 + Level 1.4 Throwing
 + Level 1.4 Armour
 + Level 1.4 Dodging
 + Level 6.1 Stealth
 + Level 1.4 Shields
 + Level 4.8 Unarmed Combat
 + Level 1.4 Spellcasting
 + Level 1.1 Conjurations
 + Level 1.1 Hexes
 + Level 1.1 Charms
 + Level 1.1 Summonings
 + Level 1.1 Necromancy
 + Level 1.1 Translocations
 + Level 1.1 Transmutations
 + Level 1.1 Fire Magic
 + Level 1.1 Ice Magic
 + Level 1.1 Air Magic
 + Level 1.1 Earth Magic
 + Level 1.1 Poison Magic
 + Level 1.6 Invocations
 + Level 3.0 Evocations


You had 6 spell levels left.
You didn't know any spells.
Your spell library was empty.

Dungeon Overview and Level Annotations

Branches:
Dungeon (4/15)             Temple (1/1) D:4

Altars:
Cheibriados
Dithmenos
Elyvilon
Fedhas
Kikubaaqudgha
Nemelex Xobeh
Okawaru
Qazlal
Ru
Trog
Vehumet
Wu Jian
Yredelemnul
Zin
The Shining One

Annotations:
D:4 Grinder, Pikel


Innate Abilities, Weirdness & Mutations

Your experience applies equally to all skills.
You have very sharp teeth.
Your uncanny sense of smell can sniff out nearby items.


Message History

You see here an arrow.
The centaur shoots an arrow.
The arrow barely misses you.
The centaur shoots an arrow.
The arrow hits you!
The centaur shoots an arrow.
The arrow hits you!
You see here 2 arrows.
The centaur unwields a +0 shortbow.
The centaur barely misses you. The centaur barely misses you.
The centaur hits you! The centaur hits you.
* * * LOW HITPOINT WARNING * * *
The centaur wields a +0 shortbow.
The centaur shoots an arrow.
The arrow barely misses you.
The centaur shoots an arrow.
The arrow hits you.
* * * LOW HITPOINT WARNING * * *
You see here an arrow.
The centaur shoots an arrow.
The arrow misses you.
There is a stone staircase leading up here.
The centaur shoots an arrow.
The arrow hits you.
* * * LOW HITPOINT WARNING * * *
The centaur shoots an arrow.
The arrow hits you!
You die...

#.....# ######## #.....#
#......# #.....## #.####.#
###....# #.# #.# ####.# #.#
#.# #.#
##.####.##############.#
#......(............##.#
##.##.....@.........##.#
#.##.#.##....####..##.#
#.##....((##c####..##.# .
#.##..........K..K.##.##K.
#.#.......##c.(..(......#
#.#.......................
##.#.#..##.##..####..#..###
#....#.........# #..##.#
#..#.#.###.##..####..##.#


You could see Pikel and a centaur.

Vanquished Creatures
  A worker ant (D:4)
  6 adders
  3 oozes (D:2)
  A worm (D:2)
  2 dart slugs
  2 leopard geckos
  5 orcs (D:4)
  A ball python (D:3)
  2 giant cockroaches (D:3)
  6 goblins
  4 hobgoblins
  3 quokkas
  6 bats
  3 frilled lizards
  7 kobolds
  A quokka skeleton (D:4)
  11 rats
64 creatures vanquished.

Notes
Turn   | Place    | Note
-------+----------+-------------------------------------------
     0 | D:1      | rgaf the Gnoll Wanderer began the quest for the Orb.
     0 | D:1      | rgaf set off with the following items: a +2 spear, a scroll
                  | of teleportation, a wand of random effects (15), a +0 robe,
                  | a +0 dagger, a ration
     0 | D:1      | Reached XP level 1. HP: 20/20 MP: 2/2
   261 | D:1      | Reached XP level 2. HP: 18/26 MP: 3/3
   925 | D:2      | Reached XP level 3. HP: 31/31 MP: 4/4
   974 | D:2      | Reached skill level 6 in Stealth
  1011 | D:2      | Reached skill level 1 in Invocations
  1393 | D:2      | Reached skill level 1 in Short Blades
  1393 | D:2      | Reached skill level 1 in Long Blades
  1393 | D:2      | Reached skill level 1 in Axes
  1393 | D:2      | Reached skill level 1 in Maces & Flails
  1393 | D:2      | Reached skill level 1 in Staves
  1393 | D:2      | Reached skill level 1 in Slings
  1393 | D:2      | Reached skill level 1 in Bows
  1393 | D:2      | Reached skill level 1 in Crossbows
  1393 | D:2      | Reached skill level 1 in Throwing
  1393 | D:2      | Reached skill level 1 in Armour
  1393 | D:2      | Reached skill level 1 in Dodging
  1393 | D:2      | Reached skill level 1 in Shields
  1393 | D:2      | Reached skill level 1 in Spellcasting
  1393 | D:2      | Reached XP level 4. HP: 34/38 MP: 4/6
  2286 | D:3      | Reached skill level 1 in Conjurations
  2286 | D:3      | Reached skill level 1 in Hexes
  2286 | D:3      | Reached skill level 1 in Charms
  2286 | D:3      | Reached skill level 1 in Summonings
  2286 | D:3      | Reached skill level 1 in Necromancy
  2286 | D:3      | Reached skill level 1 in Translocations
  2286 | D:3      | Reached skill level 1 in Transmutations
  2286 | D:3      | Reached skill level 1 in Fire Magic
  2286 | D:3      | Reached skill level 1 in Ice Magic
  2286 | D:3      | Reached skill level 1 in Air Magic
  2286 | D:3      | Reached skill level 1 in Earth Magic
  2286 | D:3      | Reached skill level 1 in Poison Magic
  2531 | D:3      | Found a shadowy altar of Dithmenos.
  2944 | D:3      | Reached XP level 5. HP: 41/43 MP: 7/7
  3289 | D:4      | Noticed a slave
  3389 | D:4      | Found a white marble altar of Elyvilon.
  3599 | D:4      | Noticed Grinder
  3600 | D:4      | Found a staircase to the Ecumenical Temple.
  3623 | Temple   | Entered the Ecumenical Temple
  3850 | D:4      | Noticed Pikel
  3850 | D:4      | Noticed a slave
  3850 | D:4      | Noticed a slave
  3850 | D:4      | Noticed a slave
  3855 | D:4      | Noticed a centaur
  3866 | D:4      | Shot with an arrow by a centaur

Vault maps used:
D:1:      dpeg_arrival_court
D:2:      first_ration
D:3:      overflow_temple_1_default
D:4:      elyvilon_altar_5, minmay_temple_entry_butterflies,
          hangedman_decor_slide_cut, uniq_menkaure, uniq_grinder, uniq_pikel
Temple:   nicolae_temple_figure_eight

Skill      XL: |  1  2  3  4  5 |
---------------+----------------+-----
Stealth        | 6 |  6.1
Invocations    | 1 |  1.6
Short Blades   | 1 |  1.4
Long Blades    | 1 |  1.4
Axes           | 1 |  1.4
Maces & Flails | 1 |  1.4
Staves         | 1 |  1.4
Slings         | 1 |  1.4
Bows           | 1 |  1.4
Crossbows      | 1 |  1.4
Throwing       | 1 |  1.4
Armour         | 1 |  1.4
Dodging        | 1 |  1.4
Shields        | 1 |  1.4
Spellcasting   | 1 |  1.4
Conjurations   | 1 |  1.1
Hexes          | 1 |  1.1
Charms         | 1 |  1.1
Summonings     | 1 |  1.1
Necromancy     | 1 |  1.1
Translocations | 1 |  1.1
Transmutations | 1 |  1.1
Fire Magic     | 1 |  1.1
Ice Magic      | 1 |  1.1
Air Magic      | 1 |  1.1
Earth Magic    | 1 |  1.1
Poison Magic   | 1 |  1.1
Evocations     | 3 |  3.0
Fighting       | |  4.8
Polearms       | |  4.8
Unarmed Combat | |  4.8

Action                   |  1- 3 |  4- 6 || total
-------------------------+-------+-------++-------
Melee: Spear             |    70 |       ||    70
       Bite              |     5 |    11 ||    16
       Punch             |     4 |     1 ||     5
       Trident           |     6 |   115 ||   121
  Use: Potion            |       |     1 ||     1
 Stab: Sleeping          |    16 |    11 ||    27
  Eat: Chunk             |     1 |     8 ||     9
Armor: Robe              |     8 |    10 ||    18
Dodge: Dodged            |    22 |    61 ||    83

Table legend:
 A = Non-vault XP
 B = Vault XP
 C = Vault XP percentage of total XP
 D = Non-vault monster count
 E = Vault monster count
 F = Vault count percentage of total count
                 A         B        C        D         E       F
            +---------+---------+-------+---------+---------+-------
      Total |     229 |       0 |   0.0 |      64 |       0 |   0.0
            +---------+---------+-------+---------+---------+-------
        D:1 |      28 |       0 |   0.0 |      16 |       0 |   0.0
        D:2 |      77 |       0 |   0.0 |      23 |       0 |   0.0
        D:3 |      63 |       0 |   0.0 |      17 |       0 |   0.0
        D:4 |      61 |       0 |   0.0 |       8 |       0 |   0.0
            +---------+---------+-------+---------+---------+-------
